 Dungeon Crawl Stone Soup version 0.27-a0-287-gd4424db430 (webtiles) character file.

Game seed: 12212573462047014420

422 dickylongcocking the Sneak (level 6, -2/64 HPs)
             Began as an Octopode Delver on Feb 8, 2021.
             Slain by Grinder (6 damage)
             ... on level 4 of the Dungeon.
             The game lasted 00:03:48 (4732 turns).

dickylongcocking the Sneak (Octopode Delver)        Turns: 4732, Time: 00:03:48

Health: -2/64      AC:  1    Str: 10 (11) XL:     6   Next: 95%
Magic:  6/6        EV: 13    Int:  9 (12) God:
Gold:   176        SH:  0    Dex: 15 (16) Spells: 5/5 levels left

rFire    . . .     SeeInvis .     - Unarmed
rCold    . . .     Faith    .   (no shield)
rNeg     . . .     Spirit   .   (helmet restricted)
rPois    .         Reflect  .   (no amulet)
rElec    .         Harm     .   (no ring)
rCorr    .         Rampage  .   (no ring)
Will     .....                  (no ring)
Stlth    ..........             (no ring)
HPRegen  0.20/turn              (no ring)
MPRegen  0.10/turn              (no ring)
                                (no ring)
                                (no ring)

@: berserking (expiring), very quick
A: almost no armour, stealthy swim, amphibious, 8 rings, constrict 8, camouflage
1, gelatinous body 1
a: no special abilities


You were on level 4 of the Dungeon.
You visited 1 branch of the dungeon, and saw 5 of its levels.
You also visited: Ossuary.

You collected 176 gold pieces.

Inventory:

Armour
 e - a +0 kite shield
Wands
 q - a wand of digging (3)
Scrolls
 a - a scroll of fog
 b - a scroll of blinking {unknown}
 d - 9 scrolls of identify {unknown}
 h - 2 scrolls of amnesia {unknown}
 j - 7 scrolls of teleportation {unknown}
 k - a scroll of enchant weapon {unknown}
 l - a scroll of enchant armour {unknown}
 m - a scroll of immolation {unknown}
Potions
 f - a potion of brilliance


   Skills:
 * Level 4.0 Fighting
 - Level 2.0 Dodging
 - Level 6.6 Stealth
 * Level 2.4 Shields
 * Level 6.0 Unarmed Combat


You had 5 spell levels left.
You didn't know any spells.
Your spell library was empty.

Dungeon Overview and Level Annotations

Branches:
Dungeon (5/15)            Ossuary (visited)
 Temple: D:4-7

Altars:
Dithmenos
Trog

Shops:
D:5 [

Annotations:
D:4 Blork the orc, Grinder, Sigmund


Innate Abilities, Weirdness & Mutations

You cannot wear most types of armour.
You are very stealthy in the water. (Stealth+)
You are amphibious.
You can wear up to eight rings at the same time.
You can use your tentacles to constrict eight enemies at once.
Your skin changes colour to match your surroundings (Stealth+).
Your rubbery body absorbs attacks. (AC +1, EV +1)


Message History

Unknown command.
You closely miss Grinder. You grab Grinder.
Grinder is moderately wounded.
You constrict Grinder.
Unknown command.
You tentacle-slap Grinder.
Grinder is heavily wounded.
You constrict Grinder. Grinder gestures at you. Pain shoots through your body!
* * * LOW HITPOINT WARNING * * *
The frilled lizard misses you.
You barely miss Grinder.
Grinder is severely wounded.
You constrict Grinder.
Unknown command.
You tentacle-slap Grinder.
Grinder is severely wounded.
You constrict Grinder. Grinder hits you.
You die...

.#
##.........############.#
.#
#....>.......<......##.#
.#
#.........#########.##.#
.# ############# #.##[#
.# ####........# #.##.#
.. ....[.......# #.##.#
............# #.##.#
####..5.....#######.##.#
...!..)@$...[.......##.#
.......l##############.#
......... #.# ........##
#####.# ........# #<....#
........# #######
#####.#.# #.#.#


You could see Grinder and a frilled lizard.

Vanquished Creatures
  A howler monkey (D:5)
  A human zombie (D:5)
  A hound (D:5)
  Jessica (D:2)
  Terence (D:2)
  Natasha (thrice) (D:4 D:3)
  3 orc wizards
  2 worker ants
  An ufetubus (D:5)
  An ooze (D:4)
  A worm (D:3)
  4 leopard geckos
  4 orcs
  5 bats
  4 giant cockroaches
  5 goblins
  6 hobgoblins
  3 jackals (D:1)
  A quokka (D:4)
  2 frilled lizards
  5 kobolds
  17 rats
72 creatures vanquished.

Notes
Turn   | Place    | Note
-------+----------+-------------------------------------------
     0 | D:5      | dickylongcocking the Octopode Delver began the quest for
                  | the Orb.
     0 | D:5      | Reached XP level 1. HP: 16/16 MP: 1/1
    14 | D:5      | Noticed an ogre
    21 | D:5      | Noticed an ogre
    30 | D:5      | Noticed a centaur
    56 | D:5      | Noticed a worker ant
    60 | D:5      | Noticed a hound
    61 | D:5      | Found a shadowy altar of Dithmenos.
    66 | D:5      | Killed a worker ant
    67 | D:5      | Reached XP level 2. HP: 9/21 MP: 2/2
    83 | D:5      | Reached XP level 3. HP: 12/26 MP: 3/3
   167 | D:5      | Found Xigy's Armour Shoppe.
   182 | D:5      | Found a bloodstained altar of Trog.
   201 | D:5      | Found a sand-covered staircase.
   207 | D:5      | Reached XP level 4. HP: 23/31 MP: 4/4
   290 | D:5      | Reached skill level 5 in Unarmed Combat
   290 | D:5      | Reached XP level 5. HP: 23/36 MP: 5/5
   307 | Ossuary  | Entered an ossuary
  1686 | D:2      | Noticed Terence
  1690 | D:2      | Killed Terence
  1923 | D:2      | Noticed Jessica
  1929 | D:2      | Killed Jessica
  1930 | D:2      | Reached skill level 1 in Shields
  2328 | D:3      | Reached XP level 6. HP: 42/42 MP: 6/6
  3178 | D:4      | Noticed Natasha
  3184 | D:4      | Killed Natasha
  3344 | D:4      | Noticed Grinder
  3347 | D:4      | Noticed Blork the orc
  3757 | D:4      | Noticed Sigmund
  3757 | D:4      | Noticed Natasha
  4136 | D:3      | Killed Natasha
  4525 | D:3      | Noticed Natasha
  4530 | D:3      | Killed Natasha
  4725 | D:4      | Paralysed by Grinder for 4 turns
  4732 | D:4      | Slain by Grinder

Illustrated notes

Levels and vault maps discovered:
D:1:      giann_forest_graveyard, layout_rooms, nrook_mini_backslash
D:2:      layout_loops_corners, uniq_jessica, uniq_terence
D:3:      layout_basic, portal_sewer_entry_e
D:4:      layout_basic, dk_noncrumbling_2, uniq_grinder, uniq_blork_the_orc,
          uniq_natasha, uniq_sigmund
D:5:      minmay_opposing_rooms, layout_loops_cross, bloody_trog,
          enter_ossuary_3, serial_shops, shop, basic_altar

Skill      XL: |  1  2  3  4  5  6 |
---------------+-------------------+-----
Unarmed Combat | 3 4 5 6 |  6.0
Shields        | 1 2 |  2.4
Fighting       | 4 |  4.0
Dodging        | |  2.0
Stealth        | |  6.6

Action                   |  1- 3 |  4- 6 || total
-------------------------+-------+-------++-------
Melee: Unarmed           |    13 |   139 ||   152
       Tentacles         |     6 |    37 ||    43
       Constrict         |     3 |    38 ||    41
       Punch             |       |     7 ||     7
Evoke: Wand              |     3 |     2 ||     5
  Use: Scroll            |     1 |     1 ||     2
       Potion            |       |    10 ||    10
 Stab: Sleeping          |     1 |    22 ||    23
       Distracted        |       |     1 ||     1
Armor: Skin              |     1 |    15 ||    16
Dodge: Dodged            |     7 |    80 ||    87

Table legend: (Time is in decaauts)
 A = Elapsed time spent in this place.
 B = Non-inter-level travel time spent in this place.
 C = Inter-level travel time spent in this place.
 D = Time resting spent in this place.
 E = Time spent auto-exploring this place.
 F = Levels seen in this place.
 G = Mean time per level.
                   A        B        C        D        E       F      G
               +--------+--------+--------+--------+--------+-----+--------+
         Total |   4706 |   4516 |    190 |   1226 |   2610 |   6 |  784.3 |
       Dungeon |   4675 |   4485 |    190 |   1226 |   2610 |   5 |  935.0 |
       Ossuary |     31 |     31 |      0 |      0 |      0 |   1 |   31.0 |
               +--------+--------+--------+--------+--------+-----+--------+

Top non-repeatable levels by time:
     D:3: 1686 daAuts
     D:4: 1220 daAuts
     D:2: 886 daAuts
     D:1: 640 daAuts
     D:5: 241 daAuts
 Ossuary: 31 daAuts
